 Dungeon Crawl Stone Soup version 0.30-a0-297-g0ec75d9ef4 (webtiles) character file.

Game seed: 2185577891048535120

425 lunkers the Cutter (level 7, -3/57 HPs)
             Began as a Meteoran Fighter on Oct 18, 2022.
             Was a Believer of Sif Muna.
             Slain by a gnoll
             ... wielding a +0 flail
              (5 damage)
             ... on level 4 of the Dungeon.
             The game lasted 00:02:33 (1365 turns).

lunkers the Cutter (Meteoran Fighter)               Turns: 1365, Time: 00:02:33

Health: -3/57      AC:  5    Str: 17    XL:     7   Next: 41%
Magic:  8/8        EV: 10    Int: 12    God:    Sif Muna [**....]
Gold:   58         SH:  5    Dex: 14    Spells: 6/6 levels left

rFire   . . .      SeeInvis .    a - +0 rapier
rCold   . . .      Faith    .    c - +0 buckler
rNeg    . . .      Spirit   .    i - +0 ring mail
rPois   .          Reflect  .    (no helmet)
rElec   .          Harm     .    (no cloak)
rCorr   .          Rampage  .    (no gloves)
Will    .....                    (no boots)
Stlth   +.........               (no amulet)
HPRegen 0.29/turn                (no ring)
MPRegen 0.11/turn                (no ring)

@: glowing
A: sense surroundings 1, otherworldly, glowing, explore regen
a: Renounce Religion, Channel Magic


You were on level 4 of the Dungeon.
You worshipped Sif Muna.
Sif Muna was pleased with you.
You visited 1 branch of the dungeon, and saw 4 of its levels.

You collected 168 gold pieces.
You spent 110 gold pieces at shops.

Inventory:

Hand Weapons
 a - a +0 rapier (weapon)
Armour
 b - a +0 scale mail
 c - a +0 buckler (worn)
 i - a +0 ring mail (worn)
Jewellery
 l - a ring of protection from fire
Scrolls
 e - a scroll of enchant weapon {unknown}
 f - 2 scrolls of immolation {unknown}
 g - 3 scrolls of magic mapping {unknown}
 h - a scroll of teleportation {unknown}
 k - a scroll of noise {unknown}
 m - a scroll of blinking {unknown}
 n - a scroll of butterflies {unknown}
 p - 3 scrolls of identify {unknown}
Potions
 d - 2 potions of heal wounds
 j - a potion of flight {unknown}
 o - 2 potions of curing {unknown}


   Skills:
 - Level 3.2 Fighting
 + Level 7.9 Short Blades
 - Level 3.6 Armour
 - Level 3.6 Shields


You had 6 spell levels left.
You didn't know any spells.
Your spell library contained the following spells:

 Spells                   Type           Power      Damage    Failure   Level
 Vhi's Electric Charge    Tloc/Air       0%         N/A       93%         3
 Arcjolt                  Conj/Air       0%         1d10      100%        5
 Maxwell's Capacitive Co  Air            0%         ∞         100%        8


Dungeon Overview and Level Annotations

Branches:
Dungeon (4/15) Zot: 1035
 Temple: D:4-7

Altars:
Sif Muna

Shops:
D:3 !


Innate Abilities, Weirdness & Mutations

You passively map a small area around you.
You are easily found by Zot.
You glow in the dark.
You regain HP and MP as you explore.


Message History

* * * LOW HITPOINT WARNING * * *
The gnoll misses you.
You hit the gnoll.
You kill the gnoll!
Sif Muna accepts your kill. The gnoll closely misses you.
You hit the gnoll but do no damage. The gnoll hits you but does no damage.
The gnoll hits you with a +0 flail!
* * * LOW HITPOINT WARNING * * *
You hit the gnoll but do no damage. You block the gnoll's attack.
The gnoll hits you with a +0 flail.
* * * LOW HITPOINT WARNING * * *
You barely miss the gnoll.
Unknown command.
You puncture the gnoll!
The gnoll is heavily wounded.
The gnoll barely misses you. The gnoll hits you with a +0 flail.
* * * LOW HITPOINT WARNING * * *
You hit the gnoll.
You kill the gnoll!
Sif Muna accepts your kill. You block the gnoll's attack.
Unknown command.
You hit the gnoll.
The gnoll is lightly wounded.
The gnoll misses you. The gnoll hits you but does no damage.
Unknown command.
You hit the gnoll.
The gnoll is moderately wounded.
The gnoll barely misses you. The gnoll hits you with a +0 club.
* * * LOW HITPOINT WARNING * * *
You hit the gnoll but do no damage.
The gnoll is moderately wounded.
The gnoll hits you with a +0 flail.
* * * LOW HITPOINT WARNING * * *
The gnoll barely misses you.
You completely miss the gnoll.
The gnoll is moderately wounded.
The gnoll hits you with a +0 flail.
You die...

*#######........
, , ,
.............##*
*#..........###
* ###........# *
###......## *
##.....<## *
##..###..##
##...# ###.##
##..#.## ##@#*
##..###.# #gg# *
##..## #.# ##...
#..## ##.#
*....#
#..####.##
.....# ###..#..#
* .###..#
###.### * >
.#**#.# * ### *
.. #. ** * *


You could see 2 gnolls.

Vanquished Creatures
  2 necrophages (D:4)
  A scorpion (D:4)
  3 orc priests (D:3)
  Natasha (twice) (D:3)
  2 adders
  2 gnolls (D:4)
  2 dart slugs
  8 orcs (D:3)
  6 endoplasms
  2 giant cockroaches
  3 hobgoblins
  7 jackals
  2 kobolds
  5 quokkas
  4 ball pythons
  5 bats
  A frilled lizard (D:2)
  5 goblins
  5 rats
67 creatures vanquished.

Notes
Turn   | Place    | Note
-------+----------+-------------------------------------------
     0 | D:1      | lunkers the Meteoran Fighter began the quest for the Orb.
     0 | D:1      | Reached XP level 1. HP: 19/19 MP: 2/2
    67 | D:1      | Reached XP level 2. HP: 23/26 MP: 3/3
    75 | D:1      | Found a faded altar of an unknown god.
   106 | D:1      | Prayed at the altar of an unknown god.
   106 | D:1      | Became a worshipper of Sif Muna the Loreminder
   106 | D:1      | Reached * piety under Sif Muna
   122 | D:1      | Reached skill level 3 in Short Blades
   282 | D:1      | Reached XP level 3. HP: 29/31 MP: 4/4
   475 | D:2      | Reached skill level 4 in Short Blades
   509 | D:2      | Reached XP level 4. HP: 26/38 MP: 5/5
   725 | D:2      | Reached ** piety under Sif Muna
   794 | D:3      | Noticed Natasha
   801 | D:3      | Killed Natasha
   810 | D:3      | Found Piwufugg's Distillery.
   811 | D:3      | Noticed Natasha
   837 | D:3      | Killed Natasha
   838 | D:3      | Reached skill level 5 in Short Blades
   838 | D:3      | Reached XP level 5. HP: 9/45 MP: 6/6
   919 | D:3      | Reached skill level 6 in Short Blades
   919 | D:3      | Reached XP level 6. HP: 27/51 MP: 7/7
  1102 | D:3      | Bought 2 potions of heal wounds for 110 gold pieces
  1206 | D:4      | Reached skill level 7 in Short Blades
  1259 | D:4      | Reached XP level 7. HP: 47/57 MP: 8/8
  1364 | D:4      | HP: 1/57 [gnoll/+0 flail (5)]
  1365 | D:4      | Slain by a gnoll

Illustrated notes

Levels and vault maps discovered:
D:1:      lemuel_arrival_river_passageway, layout_loops_corners, serial_shops,
          shop, basic_ecumenical_altar, minivault_23
D:2:      layout_rooms
D:3:      cheibrodos_pilgrimage, layout_loops_cross, serial_shops,
          nicolae_shop_waterfront, uniq_natasha
D:4:      layout_layer_cave, minmay_crystal_room

Skill      XL: |  1  2  3  4  5  6 |
---------------+-------------------+-----
Short Blades   | 3 4 5 6 7 |  7.9
Fighting       | |  3.2
Armour         | |  3.6
Shields        | |  3.6

Action                   |  1- 3 |  4- 6 |  7- 9 || total
-------------------------+-------+-------+-------++-------
Melee: Rapier            |    92 |   145 |    61 ||   298
  Use: Potion            |       |     1 |       ||     1
Armor: Scale mail        |    52 |     2 |       ||    54
       Ring mail         |       |    38 |    20 ||    58
Dodge: Dodged            |    28 |    75 |    26 ||   129
Block: Buckler           |    21 |    43 |    17 ||    81

Table legend: (Time is in decaauts)
 A = Elapsed time spent in this place.
 B = Non-inter-level travel time spent in this place.
 C = Inter-level travel time spent in this place.
 D = Time resting spent in this place.
 E = Time spent auto-exploring this place.
 F = Levels seen in this place.
 G = Mean time per level.
                   A        B        C        D        E       F      G
               +--------+--------+--------+--------+--------+-----+--------+
         Total |   1363 |   1241 |    122 |      0 |    773 |   4 |  340.8 |
       Dungeon |   1363 |   1241 |    122 |      0 |    773 |   4 |  340.8 |
               +--------+--------+--------+--------+--------+-----+--------+

Top non-repeatable levels by time:
     D:1: 422 daAuts
     D:2: 385 daAuts
     D:3: 369 daAuts
     D:4: 185 daAuts
